 Dungeon Crawl Stone Soup version 0.31.0-9-g3a7656b989 (webtiles) character file.

Game seed: 12705191131458026355

362 Mrcake the Conjurer (level 6, 0/45 HPs)
             Began as a Demigod Conjurer on Feb 5, 2024.
             Killed from afar by Ijyb (10 damage)
             ... with an iceblast
             ... on level 4 of the Dungeon.
             The game lasted 00:20:37 (4444 turns).

Mrcake the Conjurer (Demigod Conjurer)              Turns: 4444, Time: 00:20:38

Health: 0/45       AC:  8    Str:  8    XL:     6   Next: 15%
Magic:  1/14       EV: 31    Int: 28    God:
Gold:   163        SH:  0    Dex: 12    Spells: 5/12 levels left

rFire   . . .        (no weapon)
rCold   . . .        (no shield)
rNeg    . . .        l - +0 leather armour
rPois   .            (no helmet)
rElec   .            (no cloak)
rCorr   .            q - +0 pair of gloves
SInv    .            (no boots)
Will    .....        e - amulet of the acrobat
Stlth   ++           f - +5 ring of evasion
HPRegen 0.27/turn    k - +4 ring of protection
MPRegen 0.14/turn

%: acrobat
@: acrobatic
A: high MP 1, forlorn, divine attributes
a: no special abilities


You were on level 4 of the Dungeon.
You visited 1 branch of the dungeon, and saw 4 of its levels.

You collected 163 gold pieces.

Inventory:

Armour
 a - a +0 robe {111}
 l - a +0 leather armour (worn)
 q - a +0 pair of gloves (worn)
Jewellery
 e - an amulet of the acrobat (around neck)
 f - a +5 ring of evasion (left hand)
 k - a +4 ring of protection (right hand)
Talismans
 p - a flux talisman
Wands
 o - a wand of mindburst (14)
Scrolls
 c - 5 scrolls of teleportation {unknown}
 d - 2 scrolls of revelation {unknown}
 i - a scroll of fear {unknown}
 j - a scroll of enchant armour {unknown}
 s - a scroll of poison {unknown}
 t - a scroll of identify {unknown}
Potions
 b - a potion of magic
 g - a potion of lignification {unknown}
 h - a potion of mutation {unknown}
 m - a potion of ambrosia {1, unknown}
 n - 2 potions of cancellation {unknown}
 r - a potion of curing {unknown}
 u - a potion of might {unknown}
 v - a potion of brilliance {unknown}


   Skills:
 - Level 1.7 Dodging
 - Level 1.7 Stealth
 + Level 3.5 Spellcasting
 * Level 6.1 Conjurations


You had 5 spell levels left.
You knew the following spells:

 Your Spells              Type           Power      Damage    Failure   Level
a - Magic Dart            Conj           100%       1d8       1%          1
b - Searing Ray           Conj           78%        2d7       1%          2
c - Iskenderun's Mystic   Conj/Tloc      22%        2d6       32%         4

Your spell library contained the following spells:

 Spells                   Type           Power      Damage    Failure   Level
 Fulminant Prism          Conj/Alch      11%        3d8       32%         4
 Anguish                  Hex/Necr       2%         N/A       75%         4
 Cause Fear               Hex            2%         N/A       75%         4
 Enfeeble                 Hex            2%         N/A       100%        7


Dungeon Overview and Level Annotations

Branches:
Dungeon (4/15)
 Temple: D:4-7

Annotations:
D:4 Ijyb


Innate Abilities, Weirdness & Mutations

You have an increased reservoir of magic. (+10% MP)
You shall have no god before yourself.
Your divine heritage dramatically boosts your attributes as you level up.


Message History

Casting: Searing Ray (safe; 1% risk of failure)
Confirm with . or Enter, or press ? or * to list all spells.
You don't have enough magic to cast this spell.
You hit Ijyb but do no damage.
Ijyb is heavily wounded.
Ijyb screams, "Get away!"
Ijyb misses you.
You hit Ijyb but do no damage.
Ijyb is heavily wounded.
Ijyb screams, "Get away!"
Ijyb closely misses you.
You hit Ijyb but do no damage. Your punch misses Ijyb.
Ijyb is heavily wounded.
Ijyb closely misses you.
You closely miss Ijyb.
Ijyb is heavily wounded.
Ijyb misses you.
Casting: Searing Ray (safe; 1% risk of failure)
Confirm with . or Enter, or press ? or * to list all spells.
Aiming: Magic Dart (safe; 1% risk of failure)
Press: ? - help, Shift-Dir - straight line, f/p - Ijyb
Aim: Ijyb, wielding a +0 club, wearing a +0 leather armour and carrying a wand of iceblast (heavily wounded, 100% to hit)
The magic dart hits Ijyb.
Ijyb is severely wounded.
Ijyb screams, "Me stronger than you!" Ijyb hits you with a +0 club.
* * * LOW HITPOINT WARNING * * *
You barely miss Ijyb.
Ijyb is severely wounded.
Ijyb hits you with a +0 club.
* * * LOW HITPOINT WARNING * * *
You barely miss Ijyb.
Ijyb is severely wounded.
Ijyb hits you with a +0 club.
* * * LOW HITPOINT WARNING * * *
You hit Ijyb but do no damage.
Ijyb is severely wounded.
Ijyb misses you.
Ijyb zaps a wand.
The mass of ice explodes!
The iceblast engulfs you!
You die...

# # #. #.
#..##.
#.....####
...#...@.#
.........#
....#+#g.#
.... #..#
....###..#
........#####
........###.##
.)..#.†......#
..g #.#.###.##


You could see Ijyb.

Vanquished Creatures
  A bombardier beetle (D:4)
  A jelly (D:4)
  Terence (D:2)
  Natasha (thrice) (D:3)
  An orc wizard (D:3)
  Robin (D:4)
  4 gnolls
  3 adders
  A ribbon worm (D:2)
  A dart slug (D:2)
  4 orcs
  9 ball pythons
  2 endoplasms (D:1)
  3 giant cockroaches
  17 goblins
  5 hobgoblins
  2 jackals (D:1)
  5 quokkas
  A bat (D:2)
  2 frilled lizards
  2 kobolds (D:1)
  6 rats
75 creatures vanquished.

Vanquished Creatures (others)
  An orc wizard (D:3)
1 creature vanquished.

Grand Total: 76 creatures vanquished

Notes
Turn   | Place    | Note
-------+----------+-------------------------------------------
     0 | D:1      | Mrcake the Demigod Conjurer began the quest for the Orb.
     0 | D:1      | Reached XP level 1. HP: 14/14 MP: 5/5
   335 | D:1      | Reached XP level 2. HP: 20/20 MP: 0/7
   419 | D:1      | Reached skill level 4 in Conjurations
  1358 | D:2      | Reached XP level 3. HP: 26/26 MP: 5/9
  1720 | D:2      | You fall into a shaft and drop 2 floors!
  1731 | D:4      | Noticed Robin
  2179 | D:2      | Noticed Terence
  2212 | D:2      | Killed Terence
  2213 | D:2      | Reached XP level 4. HP: 21/33 MP: 0/10
  2263 | D:2      | Learned a level 2 spell: Searing Ray
  2348 | D:2      | Reached skill level 5 in Conjurations
  2468 | D:2      | Learned a level 4 spell: Iskenderun's Mystic Blast
  2719 | D:3      | Noticed Natasha
  2730 | D:3      | Killed Natasha
  2931 | D:3      | Reached XP level 5. HP: 21/38 MP: 5/12
  3202 | D:3      | Noticed Natasha
  3205 | D:3      | Killed Natasha
  3511 | D:3      | Noticed Natasha
  3517 | D:3      | Killed Natasha
  3860 | D:4      | Killed Robin
  4198 | D:4      | Reached skill level 6 in Conjurations
  4198 | D:4      | Reached XP level 6. HP: 45/45 MP: 9/14
  4424 | D:4      | Noticed Ijyb
  4444 | D:4      | Killed from afar by Ijyb

Illustrated notes

Levels and vault maps discovered:
D:1:      dpeg_arrival_renting, layout_loops_ring,
          shapermc_ecumenical_altar_totnotflames
D:2:      layout_loops_ring, basic_altar, uniq_terence
D:3:      wander_river, layout_loops_ring, mainiacjoe_overflow_big_doors,
          chequers_decorated_corner, minmay_misc_feat_chi, uniq_natasha
D:4:      layout_loops_corners, serial_shops, kennysheep_mini_moat, uniq_ijyb,
          uniq_robin

Skill      XL: |  1  2  3  4  5 |
---------------+----------------+-----
Spellcasting   | 2 3 |  3.5
Conjurations   | 4 5 6 |  6.1
Dodging        | |  1.7
Stealth        | |  1.7

Action                     |  1- 3 |  4- 6 || total
---------------------------+-------+-------++-------
  Melee: Unarmed           |    20 |     8 ||    28
         Punch             |     1 |       ||     1
   Cast: Magic Dart        |    97 |    75 ||   172
         Searing Ray       |       |    12 ||    12
 Armour: Robe              |     3 |       ||     3
         Leather armour    |    36 |    15 ||    51
  Dodge: Dodged            |    73 |    43 ||   116
